 Dungeon Crawl Stone Soup version 0.17.1-3-g152610e (webtiles) character file.

53 hannobal the Insei (level 3, 0/23 HPs)
             Began as an Octopode Transmuter on Apr 17, 2016.
             Succumbed to an adder's poison
             ... on level 2 of the Dungeon.
             The game lasted 00:04:41 (1263 turns).

hannobal the Insei (Octopode Transmuter)            Turns: 1263, Time: 00:04:42

Health: 0/23       AC:  1    Str:  9    XL:     3   Next: 87%
Magic:  6/6        EV: 12    Int: 20    God:
Gold:   64         SH:  0    Dex: 13    Spells: 1 memorised, 5 levels left

rFire  . . .     SeeInvis .       - Unarmed
rCold  . . .     Clarity  .     (no shield)
rNeg   . . .     SustAt   .     (helmet restricted)
rPois  .         Gourm    .     k - amulet of resist corrosion
rElec  .         Spirit   .     (no ring)
rCorr  +         Warding  .     (no ring)
rMut   .         Stasis   .     (no ring)
MR     .....                    (no ring)
Stlth  ++........               (no ring)
                                (no ring)
                                (no ring)
                                (no ring)

@: brilliant, lethally poisoned (0 -> -9), not resistant to hostile
enchantments, unstealthy
A: almost no armour, amphibious, 8 rings, constrict 8, camouflage 1, gelatinous
body 1
a: no special abilities


You were on level 2 of the Dungeon.
You were not hungry.

You visited 1 branch of the dungeon, and saw 2 of its levels.

You collected 64 gold pieces.

Inventory:

Hand Weapons
 b - a +0 hunting sling
 m - a cursed +0 trident
Missiles
 a - 12 arrows
 e - 24 silver bolts
Jewellery
 k - an amulet of resist corrosion (around mantle)
Books
 h - a book of Changes

   Spells                             Type                      Level
   a - Beastly Appendage              Transmutation                1
   b - Sticks to Snakes               Transmutation                2
   c - Spider Form                    Transmutation/Poison         3
   d - Ice Form                       Ice/Transmutation            4
   e - Blade Hands                    Transmutation                5
Comestibles
 c - a bread ration
 d - a slice of pizza
 g - a meat ration
 i - a chunk of flesh


   Skills:
 - Level 1.0 Fighting
 - Level 2.0 Dodging
 + Level 4.6 Unarmed Combat
 - Level 2.0 Spellcasting
 - Level 2.0 Transmutations


You had 5 spell levels left.
You knew the following spells:

 Your Spells              Type           Power        Failure   Level  Hunger
a - Beastly Appendage     Trmt           ###...       1%          1    #......


Dungeon Overview and Level Annotations

Branches:
Dungeon (2/15)

Altars:


Innate Abilities, Weirdness & Mutations

You cannot wear most types of armour.
You are amphibious.
You can wear up to eight rings at the same time.
You can use your tentacles to constrict eight enemies at once.
Your skin changes colour to match your surroundings (Stealth).
Your rubbery body absorbs attacks (AC +1).


Message History

You feel sick. The adder misses you. The adder bites you.
Drink which item? (? for menu, Esc to quit)
You feel clever all of a sudden.
You constrict the adder. The adder closely misses you.
You tentacle-slap the adder.
You tentacle-slap the adder, but do no damage.
The adder is heavily wounded.
You constrict the adder.
You feel sick. The adder bites you.
* * * LOW HITPOINT WARNING * * *
You are more poisoned.
The adder poisons you!
You tentacle-slap the adder.
You kill the adder!
* * * LOW HITPOINT WARNING * * *
You feel sick.
* * * LOW HITPOINT WARNING * * *
You feel sick.
* * * LOW HITPOINT WARNING * * *
You feel sick.
You die...

........ ........
. #######....# ..
#..........##...
#...............
#...............
#..........$.(..
#.............(#
#.....@###.....#
#......# .....#
#......#####...#
#..............#
##..............
#..............
#............
#.....###.........
#.................


There were no monsters in sight!

Vanquished Creatures
  3 adders (D:2)
  A worm (D:2)
  A giant cockroach (D:1)
  3 goblins
  3 hobgoblins
  5 bats
  2 giant newts (D:1)
  3 kobolds
  3 rats (D:1)
24 creatures vanquished.

Notes
Turn   | Place    | Note
--------------------------------------------------------------
     0 | D:1      | hannobal the Octopode Transmuter began the quest for the Orb.
     0 | D:1      | Reached XP level 1. HP: 13/13 MP: 3/3
   412 | D:1      | Reached XP level 2. HP: 12/18 MP: 3/5
   754 | D:2      | Noticed Ijyb
   878 | D:2      | Reached skill level 4 in Unarmed Combat
  1058 | D:2      | Reached XP level 3. HP: 23/23 MP: 6/6
  1261 | D:2      | HP: 1/23 [poisoned by an adder]
  1263 | D:2      | Succumbed to an adder's poison

Action                   || total
-------------------------++-------
Melee: Unarmed           ||    57
 Fire: Hunting sling     ||     7
Throw: Stone             ||     2
 Cast: Beastly Appendage ||     1
  Use: Scroll            ||     5
       Potion            ||     4
 Stab: Sleeping          ||     3
  Eat: Chunk             ||     1
